 Dungeon Crawl Stone Soup version 0.31-a0-702-gf82c85558f (webtiles) character file.

Game seed: 8508477420384135510

93 qw the Shooter (level 4, 0/28 HPs)
             Began as a Gargoyle Hunter on Sept 8, 2023.
             Slain by an orc
             ... wielding a +0 trident
              (7 damage)
             ... on level 3 of the Dungeon.
             The game lasted 00:00:45 (1552 turns).

qw the Shooter (Gargoyle Hunter)                    Turns: 1552, Time: 00:00:46

Health: 0/28       AC:  6    Str: 12 (14) XL:     4   Next: 62%
Magic:  4/4        EV: 11    Int:  7 (10) God:
Gold:   85         SH:  5    Dex: 13 (15) Spells: 3/3 levels left

rFire   . . .        Y - +0 shortbow
rCold   . . .        (shield currently unavailable)
rNeg    + . .        c - +0 leather armour
rPois   inf          (no helmet)
rElec   +            (no cloak)
rCorr   .            (no gloves)
SInv    .            (no boots)
Will    .....        i - amulet of reflection
Stlth   +            (no ring)
HPRegen 0.24/turn    (no ring)
MPRegen 0.09/turn

%: reflection
@: no status effects
A: sickness immunity, AC +3, negative energy resistance 1, electricity
resistance, torment resistance 1, petrification resistance
a: no special abilities


You were on level 3 of the Dungeon.
You visited 1 branch of the dungeon, and saw 3 of its levels.

You collected 85 gold pieces.


Innate Abilities, Weirdness & Mutations

You are immune to sickness and miasma.
Your stone body is resilient. (AC +3)
You are immune to poison.
You resist negative energy. (rN+)
You are resistant to electric shocks. (rElec)
You are resistant to unholy torment.
You are immune to petrification.


   Skills:
 - Level 3.0 Fighting
 + Level 5.5 Ranged Weapons
 - Level 1.5 Dodging
 - Level 1.1 Stealth


You had 3 spell levels left.
You didn't know any spells.
Your spell library was empty.

Inventory:

Hand Weapons
 Y - a +0 shortbow (weapon)
Armour
 c - a +0 leather armour (worn)
Jewellery
 f - a ring of fire
 i - an amulet of reflection (around neck)
Potions
 a - 2 potions of curing
 e - a potion of heal wounds {unknown}
 g - a potion of enlightenment {unknown}
 h - a potion of might {unknown}
 j - a potion of haste {unknown}

Dungeon Overview and Level Annotations

Branches:
Dungeon (3/15)

Altars:

Shops:
D:2 :


Message History

1539 ||| Stepping ~*~*~tactically~*~*~ (retreating).
1540 |||
Found retreat position at 0,-3 (floor) with 0 blocking monsters and 2 monsters attacking at destination at distance 4
1540 ||| Stepping ~*~*~tactically~*~*~ (retreating).
1541 |||
Found retreat position at -1,-2 (floor) with 0 blocking monsters and 2 monsters attacking at destination at distance 3
1541 ||| Stepping ~*~*~tactically~*~*~ (retreating).
1542 |||
Found retreat position at -2,-1 (floor) with 0 blocking monsters and 2 monsters attacking at destination at distance 2
1542 ||| Stepping ~*~*~tactically~*~*~ (retreating).
The orc attacks as it pursues you! The orc closely misses you.
You shoot an arrow. The arrow closely misses the orc.
You shoot an arrow. The arrow barely misses the orc.
The orc hits you but does no damage. The orc closely misses you.
You shoot an arrow. The arrow barely misses the orc.
The orc completely misses you. The orc hits you with a +0 trident.
You shoot an arrow. The arrow completely misses the orc.
The orc barely misses you. The orc closely misses you.
You shoot an arrow. The arrow hits the orc.
The orc is moderately wounded.
The orc hits you with a +0 club. The orc hits you but does no damage.
The orc closely misses you. You block the orc's attack.
You shoot an arrow.
The arrow hits the orc but does no damage.
The orc is moderately wounded.
The orc hits you with a +0 club. The orc closely misses you.
You shoot an arrow.
The arrow hits the orc but does no damage.
The orc is moderately wounded.
You block the orc's attack. The orc hits you with a +0 trident.
You shoot an arrow.
The arrow hits the orc but does no damage.
The orc is moderately wounded.
The orc closely misses you. You block the orc's attack.
You shoot an arrow.
The arrow hits the orc but does no damage.
The orc is moderately wounded.
The orc hits you with a +0 club. The orc closely misses you.
You shoot an arrow.
The arrow hits the orc but does no damage.
The orc is moderately wounded.
The orc hits you with a +0 club. The orc hits you with a +0 trident!
You die...

#.###.## ##.##
#.##.##
##.###.# #.##.#
#.....# #.##.##
##.#####
#.###.##
##.####### #.#
##.###.........
#.#
##...#########
##.###########
#..........@o#
#..#########o#
#..# ##..o#
#..# #...w#
#..# #.o.##
#..# #...# #.##
#...# #.# #.}.#
### #..w#


You could see a worm and 3 orcs.

Vanquished Creatures
  3 gnolls (D:2)
  An adder (D:2)
  3 dart slugs (D:1)
  8 ball pythons
  An endoplasm (D:2)
  2 giant cockroaches (D:1)
  2 goblins
  8 hobgoblins
  2 jackals (D:2)
  3 quokkas
  8 bats
  3 frilled lizards (D:1)
  A kobold (D:1)
  6 rats
51 creatures vanquished.

Notes
Turn   | Place    | Note
-------+----------+-------------------------------------------
     0 | D:1      | qw the Gargoyle Hunter began the quest for the Orb.
     0 | D:1      | Reached XP level 1. HP: 12/12 MP: 1/1
     0 | D:1      | 0 ||| qw: Version: 0.3-a-76-g4403597
     0 | D:1      | 0 ||| qw: Game counter: 1253
     0 | D:1      | 0 ||| qw: Melee chars always use a shield: true
     0 | D:1      | 0 ||| qw: God list: Okawaru
     0 | D:1      | 0 ||| qw: Allow faded altars: false
     0 | D:1      | 0 ||| qw: Do Orc after clearing Dungeon:15 true
     0 | D:1      | 0 ||| qw: Do second Lair branch before Depths: true
     0 | D:1      | 0 ||| qw: Lair rune preference: random
     0 | D:1      | 0 ||| qw: Goals: Normal
     0 | D:1      | 0 ||| PLANNING D:1-11
    27 | D:1      | Found a faded altar of an unknown god.
    44 | D:1      | 44 ||| DROPPING scroll of butterflies.
   145 | D:1      | Reached XP level 2. HP: 17/17 MP: 2/2
   295 | D:1      | Reached XP level 3. HP: 21/21 MP: 3/3
   351 | D:1      | Reached skill level 5 in Ranged Weapons
   643 | D:1      | 643 ||| READING scroll labelled ISAUVA IHADDARPH.
   644 | D:1      | 644 ||| READING scroll labelled XINASCH YKKIBLA.
   645 | D:1      | 645 ||| READING scroll labelled VEN KOOJUEPH.
   762 | D:2      | Reached skill level 3 in Fighting
   767 | D:2      | Reached XP level 4. HP: 25/28 MP: 4/4
   767 | D:2      | 767 ||| FLEEEEING.
   768 | D:2      | 768 ||| FLEEEEING.
  1420 | D:2      | Found Joxoiq's Book Shop.
  1437 | D:2      | 1437 ||| UPGRADING to amulet of reflection.
  1442 | D:2      | 1442 ||| READING scroll labelled NERCHU LOILOURR.
  1443 | D:2      | 1443 ||| DRINKING 3 bubbling brown potions.
  1444 | D:2      | 1444 ||| DRINKING 2 purple potions.
  1445 | D:2      | 1445 ||| DROPPING potion of degeneration.
  1531 | D:3      | 1531 ||| Stepping ~*~*~tactically~*~*~ (retreating).
  1537 | D:3      | 1537 ||| Stepping ~*~*~tactically~*~*~ (retreating).
  1538 | D:3      | 1538 ||| Stepping ~*~*~tactically~*~*~ (retreating).
  1539 | D:3      | 1539 ||| Stepping ~*~*~tactically~*~*~ (retreating).
  1540 | D:3      | 1540 ||| Stepping ~*~*~tactically~*~*~ (retreating).
  1541 | D:3      | 1541 ||| Stepping ~*~*~tactically~*~*~ (retreating).
  1542 | D:3      | 1542 ||| Stepping ~*~*~tactically~*~*~ (retreating).
  1552 | D:3      | HP: 7/28 [orc/+0 club (2)]
  1552 | D:3      | Slain by an orc

Levels and vault maps discovered:
D:1:      dpeg_arrival_water_temple_mockup, layout_basic,
          ebering_ecumenical_altar_petrified
D:2:      layout_basic, serial_shops, nicolae_shop_stone,
          nicolae_figureground_sparkle
D:3:      layout_loops_ring, gammafunk_temple_overflow_statue,
          nicolae_elevator_lobby_plus, uniq_sigmund, uniq_jessica, uniq_ijyb

Skill      XL: |  1  2  3 |
---------------+----------+-----
Ranged Weapons | 5 |  5.5
Fighting       | 3 |  3.0
Dodging        | |  1.5
Stealth        | |  1.1

Action                     |  1- 3 |  4- 6 || total
---------------------------+-------+-------++-------
   Fire: Shortbow          |    72 |    55 ||   127
    Use: Scroll            |     3 |     1 ||     4
         Potion            |       |     2 ||     2
 Armour: Leather armour    |    13 |    22 ||    35
  Dodge: Dodged            |    19 |    22 ||    41
  Block: Other             |       |     3 ||     3

Table legend:
 A = Non-vault XP
 B = Vault XP
 C = Vault XP percentage of total XP
 D = Non-vault monster count
 E = Vault monster count
 F = Vault count percentage of total count
                 A         B        C        D         E       F
            +---------+---------+-------+---------+---------+-------
      Total |     134 |       0 |   0.0 |      51 |       0 |   0.0
            +---------+---------+-------+---------+---------+-------
        D:1 |      54 |       0 |   0.0 |      30 |       0 |   0.0
        D:2 |      79 |       0 |   0.0 |      20 |       0 |   0.0
        D:3 |       1 |       0 |   0.0 |       1 |       0 |   0.0
            +---------+---------+-------+---------+---------+-------
